 Dungeon Crawl Stone Soup version 0.30-b1-2-g02819fbbbe (webtiles) character file.

Game seed: 51360293494377120

332 Flaz the Chopper (level 6, -1/48 HPs)
             Began as a Ghoul Gladiator on Dec 23, 2023.
             Was an Initiate of Okawaru.
             Slain by a black bear (5 damage)
             ... on level 5 of the Dungeon.
             The game lasted 00:11:54 (4493 turns).

Flaz the Chopper (Ghoul Gladiator)                  Turns: 4493, Time: 00:11:54

Health: -1/48      AC: 12    Str: 18    XL:     6   Next: 52%
Magic:  5/5        EV:  6    Int:  3    God:    Okawaru [......]
Gold:   145        SH:  0    Dex: 12    Spells: 5/5 levels left

rFire   . . .        a - +0 war axe
rCold   + . .        (no shield)
rNeg    + + +        h - +0 plate armour
rPois   ∞            c - +0 helmet
rElec   .            (no cloak)
rCorr   .            (no gloves)
SInv    .            (no boots)
Will    .....        o - amulet of faith Stlth
                     (no ring)
HPRegen 0.00/turn    (no ring)
MPRegen 0.09/turn

%: faith
@: inhibited regen
A: claws 1, cold resistance 1, negative energy resistance 3, inhibited
regeneration, torment resistance 2, devour on kill
a: Renounce Religion


You were on level 5 of the Dungeon.
You worshipped Okawaru.
Okawaru was noncommittal.
You visited 2 branches of the dungeon, and saw 6 of its levels.

You collected 145 gold pieces.

Inventory:

Hand Weapons
 a - a +0 war axe (weapon)
 r - a +0 spear
 t - a +0 dagger of electrocution
Missiles
 d - 3 throwing nets (quivered)
Armour
 c - a +0 helmet (worn)
 h - a +0 plate armour (worn)
Magical Staves
 n - a staff of poison
Jewellery
 l - an amulet of reflection
 o - an amulet of faith (around neck)
Scrolls
 f - a scroll of silence {unknown}
 i - a scroll of blinking
 j - 4 scrolls of teleportation
 k - 2 scrolls of brand weapon {unknown}
 p - a scroll of enchant weapon
 q - 2 scrolls of immolation {unknown}
 w - a scroll of noise {unknown}
 x - a scroll of poison {unknown}
 y - a scroll of magic mapping {unknown}
 A - a scroll of vulnerability {unknown}
Potions
 b - a potion of haste
 g - 2 potions of heal wounds
 m - a potion of lignification {unknown}
 s - a potion of curing {unknown}
 v - 2 potions of cancellation
 z - a potion of degeneration {unknown}


   Skills:
 - Level 2.1 Fighting
 * Level 5.9 Axes
 - Level 1.7 Throwing
 * Level 2.2 Armour
 - Level 2.6 Dodging


You had 5 spell levels left.
You didn't know any spells.
Your spell library was empty.

Dungeon Overview and Level Annotations

Branches:
Dungeon (5/15)             Temple (1/1) D:4

Altars:
Cheibriados
Dithmenos
Fedhas
Gozag
Kikubaaqudgha
Makhleb
Nemelex Xobeh
Okawaru
Qazlal
Ru
Sif Muna
Trog
Uskayaw
Wu Jian
Xom
Yredelemnul

Annotations:
D:3 Sigmund
D:4 exclusion: upstairs


Innate Abilities, Weirdness & Mutations

You are immune to poison.
You have sharp fingernails.
Your flesh is cold resistant. (rC+)
You are immune to negative energy. (rN+++)
You do not regenerate when monsters are visible.
You are immune to unholy pain and torment.
You thrive by killing the living.


Message History

The black bear claws you.
You closely miss the black bear.
The black bear is almost dead.
The black bear bites you but does no damage.
The black bear claws you but does no damage.
The black bear claws you.
You barely miss the black bear.
The black bear is almost dead.
The black bear barely misses you. x2
The black bear claws you but does no damage.
The black bear bites you. The black bear claws you.
The black bear claws you but does no damage.
You hit the black bear.
The black bear is almost dead.
The black bear bites you but does no damage.
The black bear barely misses you.
The black bear claws you but does no damage.
The black bear bites you but does no damage.
The black bear claws you but does no damage.
The black bear claws you.
You hit the black bear but do no damage.
The black bear is almost dead.
The black bear bites you.
* * * LOW HITPOINT WARNING * * *
The black bear claws you but does no damage. x2
The black bear bites you but does no damage.
The black bear claws you.
* * * LOW HITPOINT WARNING * * *
The black bear barely misses you.
You hit the black bear but do no damage.
The black bear is almost dead.
The black bear bites you.
* * * LOW HITPOINT WARNING * * *
The black bear claws you.
* * * LOW HITPOINT WARNING * * *
The black bear claws you but does no damage.
The black bear bites you but does no damage.
The black bear claws you but does no damage.
The black bear claws you.
You die...

### #.. #.# #.#
#.#
#.####.#######
#......h..(((.
#@######## #
#.#.......
#.####.#.......
###......#.......
.........'.......
#######.##.......
#.##.......
#..#.......
##.########


You could see a black bear (berserk).

Vanquished Creatures
  An ogre (D:4)
  A jelly (D:5)
  An orc priest (D:3)
  An orc wizard (D:3)
  4 adders
  3 gnolls
  2 worms (D:3)
  2 dart slugs (D:1)
  8 orcs
  3 endoplasms
  4 giant cockroaches
  7 goblins
  6 hobgoblins
  7 jackals
  5 kobolds
  4 quokkas
  3 ball pythons
  3 bats
  5 frilled lizards
  5 rats
75 creatures vanquished.

Notes
Turn   | Place    | Note
-------+----------+-------------------------------------------
     0 | D:1      | Flaz the Ghoul Gladiator began the quest for the Orb.
     0 | D:1      | Reached XP level 1. HP: 17/17 MP: 0/0
    27 | D:1      | Found a faded altar of an unknown god.
    43 | D:1      | Reached skill level 3 in Axes
    67 | D:1      | Reached XP level 2. HP: 21/24 MP: 1/1
   317 | D:1      | Reached XP level 3. HP: 29/29 MP: 2/2
   771 | D:2      | Reached skill level 4 in Axes
  1014 | D:2      | Reached XP level 4. HP: 24/36 MP: 3/3
  1633 | D:3      | Noticed Sigmund
  1769 | D:3      | Reached skill level 1 in Armour
  1979 | D:4      | Found a staircase to the Ecumenical Temple.
  2039 | Temple   | Entered the Ecumenical Temple
  2214 | Temple   | Became a worshipper of Warmaster Okawaru
  2453 | D:4      | Noticed an ogre
  2461 | D:4      | Killed an ogre
  2462 | D:4      | Reached skill level 5 in Axes
  2462 | D:4      | Reached XP level 5. HP: 30/41 MP: 4/4
  2966 | D:5      | Entered Level 5 of the Dungeon
  2979 | D:5      | Noticed an ogre
  3147 | D:5      | Reached XP level 6. HP: 48/48 MP: 5/5
  4302 | D:5      | Noticed an ice beast
  4479 | D:5      | Noticed a black bear
  4493 | D:5      | Slain by a black bear

Illustrated notes

Levels and vault maps discovered:
D:1:      minmay_arrival_cross, layout_basic,
          hellmonk_ecumenical_altar_dog_temple, st_stairs_12
D:2:      layout_basic, basic_altar
D:3:      layout_loops_ring, uniq_sigmund
D:4:      layout_loops_ring, minmay_temple_entry_sparse_star
D:5:      layout_basic, kennysheep_windowed_goal
Temple:   nicolae_temple_bog_church

Skill      XL: |  1  2  3  4  5  6 |
---------------+-------------------+-----
Axes           | 3 4 5 |  5.9
Armour         | 1 2 |  2.2
Fighting       | |  2.1
Throwing       | |  1.7
Dodging        | |  2.6

Action                     |  1- 3 |  4- 6 || total
---------------------------+-------+-------++-------
  Melee: War axe           |   102 |   159 ||   261
         Staff             |     7 |       ||     7
         Punch             |       |     1 ||     1
  Throw: Dart              |       |     5 ||     5
         Javelin           |       |     2 ||     2
    Use: Scroll            |       |     5 ||     5
         Potion            |       |     1 ||     1
 Armour: Leather armour    |     6 |       ||     6
         Plate armour      |    92 |   135 ||   227
  Dodge: Dodged            |    56 |    46 ||   102
